 Dungeon Crawl Stone Soup version 0.19.1-1-g22dce08 (webtiles) character file.

54 Lahna the Cudgeler (level 3, -1/43 HPs)
             Began as a Demonspawn Berserker on Jan 15, 2017.
             Was a Believer of Trog.
             Slain by Sigmund
             ... wielding a +0 scythe
              (6 damage)
             ... on level 2 of the Dungeon.
             The game lasted 00:02:42 (1229 turns).

Lahna the Cudgeler (Demonspawn Berserker)           Turns: 1229, Time: 00:02:43

Health: -1/43      AC:  2    Str: 23    XL:     3   Next: 66%
Magic:  0/3        EV: 12    Int:  8    God:    Trog [**....]
Gold:   130        SH:  0    Dex: 12    Spells: 0 memorised, 2 levels left

rFire  . . .     SeeInvis .     a - +0 mace
rCold  . . .     Gourm    .     b - +0 animal skin
rNeg   . . .     Faith    +     (no shield)
rPois  .         Spirit   +     (no helmet)
rElec  .         Reflect  .     (no cloak)
rCorr  .         Harm     .     (no gloves)
MR     .....                    (no boots)
Stlth  ..........               d - amulet of faith
                                (no ring)
                                (no ring)

@: berserking (expiring), very quick
A: magic shield
a: Berserk, Trog's Hand, Burn Spellbooks, Renounce Religion


You were on level 2 of the Dungeon.
You worshipped Trog.
Trog was pleased with you.
You were hungry.

You visited 1 branch of the dungeon, and saw 2 of its levels.

You collected 130 gold pieces.

Inventory:

Hand Weapons
 a - a +0 mace (weapon)
Armour
 b - a +0 animal skin (worn)
Jewellery
 d - an amulet of faith (around neck)
 f - an uncursed ring of fire {unknown}
Scrolls
 i - 2 scrolls of identify {unknown}
 k - a scroll of enchant weapon {unknown}
 m - a scroll of magic mapping {unknown}
Potions
 e - a potion of haste {unknown}
 h - 2 potions of curing {unknown}
 j - a potion of agility {unknown}
 l - a potion of brilliance {unknown}
Comestibles
 c - a bread ration
 g - 2 meat rations


   Skills:
 - Level 3.0 Fighting
 + Level 4.2 Maces & Flails
 - Level 1.7 Armour
 - Level 1.7 Dodging


You had 2 spell levels left.
You didn't know any spells.

Dungeon Overview and Level Annotations

Branches:
Dungeon (2/15)

Altars:
Ashenzari

Annotations:
D:2 Sigmund


Innate Abilities, Weirdness & Mutations

When hurt, damage is shared between your health and your magic reserves.


Message History

You are too injured to fight recklessly!
You are too injured to fight recklessly!
You are too injured to fight recklessly!
You closely miss the giant cockroach.
The giant cockroach bites you but does no damage.
Something barely misses you.
You barely miss the giant cockroach. The giant cockroach barely misses you.
You barely miss the giant cockroach.
The giant cockroach bites you but does no damage.
Something hits you.
* * * LOW HITPOINT WARNING * * *
You barely miss the giant cockroach. The giant cockroach closely misses you.
You thump the giant cockroach!
You kill the giant cockroach!
Trog accepts your kill. The dart slug launches a dart at you.
The slug dart hits you!
* * * LOW HITPOINT WARNING * * *
Something hits you!
You die...

........$.## ...
.......<...## ##.
..........?####
###. #.......#.....
#... #.......##..#
###... #..........#
≈ ##.....
#.......##.# .≈≈
.......
#..........###w≈≈≈≈
.......
#........$@....≈≈≈.
....... ####
#.......)#.####..##
....... ...#
##...##.##.#
....... ...#
#...#..##.# .....#.
...# #...#.###..
###....
...#####...#.##...
###..
...........#.......
###...
...##..........#.#.
.####....#
...##.............
..........


You could see a dart slug.

Vanquished Creatures
  An adder (D:2)
  An ooze (D:1)
  A worm (D:1)
  2 dart slugs (D:1)
  3 giant cockroaches
  4 goblins (D:1)
  5 hobgoblins (D:1)
  A quokka (D:1)
  3 bats
  3 frilled lizards
  4 kobolds (D:1)
  6 rats
34 creatures vanquished.

Notes
Turn   | Place    | Note
-------+----------+-------------------------------------------
     0 | D:1      | Lahna the Demonspawn Berserker began the quest for the Orb.
     0 | D:1      | Reached XP level 1. HP: 18/18 MP: 1/1
    27 | D:1      | Reached skill level 3 in Maces & Flails
   104 | D:1      | Gained mutation: When hurt, damage is shared between your health and your magic reserves. [demonic ancestry]
   104 | D:1      | Reached XP level 2. HP: 6/24 MP: 2/2
   542 | D:1      | Reached ** piety under Trog
   556 | D:1      | Found a shattered altar of Ashenzari.
   821 | D:1      | Reached XP level 3. HP: 27/29 MP: 3/3
  1005 | D:1      | Reached skill level 4 in Maces & Flails
  1209 | D:2      | Noticed Sigmund
  1229 | D:2      | Slain by Sigmund

Skill      XL: |  1  2  3 |
---------------+----------+-----
Maces & Flails | 3 4 |  4.2
Fighting       | |  3.0
Armour         | |  1.7
Dodging        | |  1.7

Action                   || total
-------------------------++-------
Melee: Mace              ||   105
Invok: Berserk           ||     1
  Eat: Chunk             ||     1
Armor: Animal skin       ||    21
Dodge: Dodged            ||    75
